Workbook

Sheet Budget Request Format
B2: Monthly Cash Budget Request - February 2024
B3: BU: MC
B4: COA | C4: Description | D4: Sale (License) | F4: Spareparts | G4: HR & GA | H4: Service | I4: Finance & Account | J4: Budget (MMK) | K4: Budget (USD) | L4: Remark
B5: OPEX | J5: =SUM(D5:I5) -> 0
B6: 61010009 Tools and Equipment | J6: =SUM(D6:I6) -> 0
B7: 61010011 Travelling cost of sale team | J7: =SUM(D7:I7) -> 0
B8: 61010027 Employee Social Insurance | J8: =SUM(D8:I8) -> 0
B9: 61001032 Admin - Broker and Incentive | J9: =SUM(D9:I9) -> 0
B10: 62010001 Admin - Advertising Expenses | J10: =SUM(D10:I10) -> 0
B11: 62010002 Admin - Audit Fees | J11: =SUM(D11:I11) -> 0
B12: 62010003 Admin - Bank Charges | J12: =SUM(D12:I12) -> 0
B13: 62010005 Admin - Car Fuel Expenses | H13: 150000 | J13: =SUM(D13:I13) -> 150000
B14: 62010006 Admin - Car Licence Charges | J14: =SUM(D14:I14) -> 0
B15: 62010007 Admin - Car Repair & Maintenance Charges | J15: =SUM(D15:I15) -> 0
B16: 62010008 Admin - Communication & Telephone Expenses | J16: =SUM(D16:I16) -> 0
B17: 62010009 Admin - Computer & Copier Repair Charges | J17: =SUM(D17:I17) -> 0
B18: 62010010 Admin - Copy and Binding Charges | J18: =SUM(D18:I18) -> 0
B19: 62010012 Admin - Dhl Charges | J19: =SUM(D19:I19) -> 0
B20: 62010013 Admin - Donation Expenses | J20: =SUM(D20:I20) -> 0
B21: 62010014 Admin - Electricity Expenses | J21: =SUM(D21:I21) -> 0
B22: 62010015 Admin - Employee Bonus | J22: =SUM(D22:I22) -> 0
B23: 62010016 Admin - Employee Wages Charges | J23: =SUM(D23:I23) -> 0
B24: 62010017 Admin - Employee Daily Wages Expenses | J24: =SUM(D24:I24) -> 0
B25: 62010019 Admin - Employee Training Expenses - Local | J25: =SUM(D25:I25) -> 0
B26: 62010021 Admin - Employee Travelling Expenses - Local Trip | D26: 300000 | J26: =SUM(D26:I26) -> 300000
B27: 62010023 Admin - Employee Uniform Expenses | J27: =SUM(D27:I27) -> 0
B28: 62010024 Admin - Employee Welfare Expenses | J28: =SUM(D28:I28) -> 0
B29: 62010025 Admin - Entertainment Expenses | J29: =SUM(D29:I29) -> 0
B30: 62010026 Admin - Gift & Present Expenses | J30: =SUM(D30:I30) -> 0
B31: 62010027 Admin - Miscellaneous Expenses | J31: =SUM(D31:I31) -> 0
B32: 62010028 Admin - Office Rental Expenses | J32: =SUM(D32:I32) -> 0
B33: 62010029 Admin - Office Repair & Maintenance Charges | J33: =SUM(D33:I33) -> 0
B34: 62010030 Admin - Office Supplies Expenses | J34: =SUM(D34:I34) -> 0
B35: 62010031 Admin - Printing and Stationery | J35: =SUM(D35:I35) -> 0
B36: 62010032 Admin - Business License Expenses | J36: =SUM(D36:I36) -> 0
B37: 62010035 Admin - Employee Party Expenses | J37: =SUM(D37:I37) -> 0
B38: 62010036 Admin - Legal Fees | J38: =SUM(D38:I38) -> 0
... B50: 62010056 Admin - Operation Expenses | J50: =SUM(D50:I50) -> 0
B51: 62010057 Admin - Machine Rental Chgs | C51: (Generator Disel) | J51: =SUM(D51:I51) -> 0
B52: 62010058 Admin - Software Expenses | J52: =SUM(D52:I52) -> 0
B53: 62010059 Admin - Machine Repair & Maintenance | C53: U-BOLT,LINEAR,ACCESSORIES IN MAINTENANCE,POLISH | J53: =SUM(D53:I53) -> 0
B54: 62010060 Admin - Cycle Fuel Expenses/Test Run Fuel chgs | J54: =SUM(D54:I54) -> 0
B55: COGS | J55: =SUM(D55:I55) -> 0
B56: 51020046COGS - Mecc Alte Spare Parts | J56: =SUM(D56:I56) -> 0
B57: 51010054 COGS - Commission Units | J57: =SUM(D57:I57) -> 0
B58: 51010061 COGS - Units Licence And Duty Cost | J58: =SUM(D58:I58) -> 0
B59: Fan for MDY MC BU | J59: =SUM(D59:I59) -> 0
B60: Transporation Expenses | J60: =SUM(D60:I60) -> 0
B61: Painting,Roof Sheet,Polish,Sofa Sheet,leaf Spring Repair Chgs | H61: 7937000 | J61: =SUM(D61:I61) -> 7937000
B62: ='Budget Vs Actual Format'!A67 -> Urgent Budget for Service and Maintenance for Stock Clearance | J62: =SUM(D62:I62) -> 0
J63: =SUM(D63:I63) -> 0
B64: Total Amount | D64: =SUM(D6:D63) -> 300000 | E64: =SUM(E6:E63) -> 0 | F64: =SUM(F6:F63) -> 0 | G64: =SUM(G6:G63) -> 0 | H64: =SUM(H6:H63) -> 8087000 | I64: =SUM(I6:I63) -> 0 | J64: =SUM(D64:I64) -> 8387000 | K64: =SUM(K6:K63) -> 0
B65: Prepared By | D65: Acknowledged By | G65: Approved By
B68: Khin Yadanar Htun, Daw | D68: Zin Zin Mar,Daw | G68: Win Theingi Nwe,Daw
B69: Finance | D69: Accountant | I69: GM
B71: Please do not change COA as menitoned above.
B72: Please insert COA (as per ERP) if required.

Sheet Budget Vs Actual Format
A1: Cash Budget Vs Actual Comparison - January 2024 | B1: Income for December '2023 | E1: =Table1[[#Totals],[In (MMK)]] -> 0 | F1: BANK AND CASH TOTAL
A2: BU: MC | E2: Exchange Rate
A3: COA | B3: Budget (USD) | C3: Budget (MMK) | D3: Actual (USD) | E3: Actual (MMK) | F3: Variance (USD) | G3: Variance (MMK)
A4: OPEX
A5: 61010009 Tools and Equipment | C5: ='Budget Request Format'!J6 -> 0 | F5: =D5-B5 -> 0 | G5: =E5-C5 -> 0
A6: 61010011 Travelling cost of sale team | F6: =D6-B6 -> 0 | G6: =E6-C6 -> 0
A7: 61010027 Employee Social Insurance | F7: =D7-B7 -> 0 | G7: =E7-C7 -> 0
A8: 61001032 Admin - Commission and Incentive | C8: ='Budget Request Format'!J9 -> 0 | F8: =D8-B8 -> 0 | G8: =E8-C8 -> 0
A9: 62010001 Admin - Advertising Expenses | C9: =('Budget Request Format'!J10) -> 0 | F9: =D9-B9 -> 0 | G9: =E9-C9 -> 0
A10: 62010002 Admin - Audit Fees | F10: =D10-B10 -> 0 | G10: =E10-C10 -> 0
A11: 62010003 Admin - Bank Charges | F11: =D11-B11 -> 0 | G11: =E11-C11 -> 0
A12: 62010005 Admin - Car Fuel Expenses | C12: ='Budget Request Format'!J13 -> 150000 | F12: =D12-B12 -> 0 | G12: =E12-C12 -> -150000
A13: 62010006 Admin - Car Licence Charges | F13: =D13-B13 -> 0 | G13: =E13-C13 -> 0
A14: 62010007 Admin - Car Repair & Maintenance Charges | C14: ='Budget Request Format'!J15 -> 0 | F14: =D14-B14 -> 0 | G14: =E14-C14 -> 0
A15: 62010008 Admin - Communication & Telephone Expenses | F15: =D15-B15 -> 0 | G15: =E15-C15 -> 0
A16: 62010009 Admin - Computer & Copier Repair Charges | C16: ='Budget Request Format'!J17 -> 0 | F16: =D16-B16 -> 0 | G16: =E16-C16 -> 0
A17: 62010010 Admin - Copy and Binding Charges | F17: =D17-B17 -> 0 | G17: =E17-C17 -> 0
A18: 62010012 Admin - Dhl Charges | F18: =D18-B18 -> 0 | G18: =E18-C18 -> 0
A19: 62010013 Admin - Donation Expenses | F19: =D19-B19 -> 0 | G19: =E19-C19 -> 0
A20: 62010014 Admin - Electricity Expenses | C20: ='Budget Request Format'!J21 -> 0 | F20: =D20-B20 -> 0 | G20: =E20-C20 -> 0
A21: 62010015 Admin - Employee Bonus | F21: =D21-B21 -> 0 | G21: =E21-C21 -> 0
A22: 62010016 Admin - Employee Overtime Charges | C22: ='Budget Request Format'!J23 -> 0 | F22: =D22-B22 -> 0 | G22: =E22-C22 -> 0
A23: ='Budget Request Format'!B14 -> 62010006 Admin - Car Licence Charges | C23: ='Budget Request Format'!J14 -> 0 | F23: =D23-B23 -> 0 | G23: =E23-C23 -> 0
A24: 62010019 Admin - Employee Training Expenses - Local | F24: =D24-B24 -> 0 | G24: =E24-C24 -> 0
A25: 62010021 Admin - Employee Travelling Expenses - Local Trip | C25: ='Budget Request Format'!J26 -> 300000 | F25: =D25-B25 -> 0 | G25: =E25-C25 -> -300000
A26: 62010023 Admin - Employee Uniform Expenses | F26: =D26-B26 -> 0 | G26: =E26-C26 -> 0
A27: 62010023 Admin - Employee Uniform Expenses | C27: ='Budget Request Format'!J27 -> 0 | G27: =E27-C27 -> 0
A28: 62010024 Admin - Employee Welfare Expenses | C28: ='Budget Request Format'!J28 -> 0 | F28: =D28-B28 -> 0 | G28: =E28-C28 -> 0
A29: 62010025 Admin - Entertainment Expenses | F29: =D29-B29 -> 0 | G29: =E29-C29 -> 0
A30: 62010026 Admin - Gift & Present Expenses | F30: =D30-B30 -> 0 | G30: =E30-C30 -> 0
A31: 62010027 Admin - Miscellaneous Expenses | C31: ='Budget Request Format'!J31 -> 0 | F31: =D31-B31 -> 0 | G31: =E31-C31 -> 0
A32: 62010028 Admin - Office Rental Expenses | F32: =D32-B32 -> 0 | G32: =E32-C32 -> 0
A33: 62010029 Admin - Office Repair & Maintenance Charges | F33: =D33-B33 -> 0 | G33: =E33-C33 -> 0
A34: 62010030 Admin - Office Supplies Expenses | F34: =D34-B34 -> 0 | G34: =E34-C34 -> 0
A35: 62010031 Admin - Printing and Stationery | F35: =D35-B35 -> 0 | G35: =E35-C35 -> 0
A36: 62010032 Admin - Business License Expenses | F36: =D36-B36 -> 0 | G36: =E36-C36 -> 0
A37: 62010035 Admin - Employee Party Expenses | F37: =D37-B37 -> 0 | G37: =E37-C37 -> 0
A38: 62010036 Admin - Legal Fees | F38: =D38-B38 -> 0 | G38: =E38-C38 -> 0
A39: 62010037 Admin - R & D Expenses | F39: =D39-B39 -> 0 | G39: =E39-C39 -> 0
A40: 62010038 Admin- Labour Cost | F40: =D40-B40 -> 0 | G40: =E40-C40 -> 0
A41: 62010029 Admin - Office Repair & Maintenance Charges | C41: ='Budget Request Format'!J33 -> 0 | F41: =D41-B41 -> 0 | G41: =E41-C41 -> 0
A42: 62010041 Admin- External service cost | F42: =D42-B42 -> 0 | G42: =E42-C42 -> 0
A43: 62010046 Admin - Stock Maintenance (units,parts) | F43: =D43-B43 -> 0 | G43: =E43-C43 -> 0
A44: 62010049 Admin - Car Bridge Charges Expenses | F44: =D44-B44 -> 0 | G44: =E44-C44 -> 0
A45: 62010050 Admin - Generator & Other Machine repair and Maintain | F45: =D45-B45 -> 0 | G45: =E45-C45 -> 0
A46: 62010051 Admin - Employee Transportation & Ferry Charges | F46: =D46-B46 -> 0 | G46: =E46-C46 -> 0
A47: 62010052 Admin - Employee Meal Allowance | F47: =D47-B47 -> 0 | G47: =E47-C47 -> 0
A48: 62010053 Admin - Employee Medical Expenses | F48: =D48-B48 -> 0 | G48: =E48-C48 -> 0
A49: 62010054 Admin - Employee SSB Expenses | C49: ='Budget Request Format'!J49 -> 0 | F49: =D49-B49 -> 0 | G49: =E49-C49 -> 0
A50: 62010056 Admin - Operation Expenses | C50: ='Budget Request Format'!J50 -> 0 | F50: =D50-B50 -> 0 | G50: =E50-C50 -> 0
A51: 62010057 Admin - Machine Rental Chgs (Generator Disel) | F51: =D51-B51 -> 0 | G51: =E51-C51 -> 0
A52: 62010058 Admin - Software Expenses | F52: =D52-B52 -> 0 | G52: =E52-C52 -> 0
A53: 62010059 Admin - Machine Repair & Maintenance(U-BOLT,LINEAR,ACCESSORIES IN MAINTENANCE,POLISH) | C53: ='Budget Request Format'!J53 -> 0 | F53: =D53-B53 -> 0 | G53: =E53-C53 -> 0
A54: Cycle & 3Wheeler Fuel Chgs (Test Run) | C54: ='Budget Request Format'!J54 -> 0 | F54: =D54-B54 -> 0 | G54: =E54-C54 -> 0
A55: ='Budget Request Format'!B41 -> 62010040 Admin- Taxes, fees and charges | C55: ='Budget Request Format'!J41 -> 0 | G55: =E55-C55 -> 0
G56: =E56-C56 -> 0
A57: TOTAL OPEX | B57: =SUM(B5:B53) -> 0 | C57: =SUM(C8:C56) -> 450000 | E57: =SUM(E8:E56) -> 0 | F57: =SUM(F5:F53) -> 0 | G57: =SUM(G5:G56) -> -450000
A58: Conbined Amount(MMK) | C58: =(B57*G2)+C57 -> 450000 | D58: =SUM(D4:D57) -> 0 | E58: =(D57*I2)+E57 -> 0 | G58: =E58-C58 -> -450000
B59: OPEX Variance % | G59: =G58/C58 -> -1 | H59: Measurement for Salary
A61: COGS
A62: 51020046COGS - Spare Parts | C62: ='Budget Request Format'!J56 -> 0 | F62: =D62-B62 -> 0 | G62: =E62-C62 -> 0
A63: 51010054 COGS - Commission Units | F63: =D63-B63 -> 0 | G63: =E63-C63 -> 0
A64: 51010061 COGS - Units Licence And Duty Cost | F64: =D64-B64 -> 0 | G64: =E64-C64 -> 0
A65: Transporation Expenses | C65: ='Budget Request Format'!J60 -> 0 | F65: =D65-B65 -> 0 | G65: =E65-C65 -> 0
A66: Painting,Roof Sheet,Polish,Sofa Sheet,leaf Spring Repair Chgs | C66: ='Budget Request Format'!J61 -> 7937000 | F66: =D66-B66 -> 0 | G66: =E66-C66 -> -7937000
A67: Urgent Budget for Service and Maintenance for Stock Clearance
A68: TOTAL COGS | C68: =SUM(C62:C67) -> 7937000 | E68: =SUM(E62:E67) -> 0 | G68: =SUM(G62:G66) -> -7937000
A70: Fixed Assets(CAPEX)
A71: [15025000] FA - Furniture and Fixture | F71: =D71-B71 -> 0 | G71: =E71-C71 -> 0
A72: [15020001] FA - Computer and Electrical Equipment
A73: [15024000] FA - Motor Vehicle
A74: TOTAL CAPEX | B74: =SUM(B71:B73) -> 0 | C74: =SUM(C71:C73) -> 0 | D74: =SUM(D71:D73) -> 0 | E74: =SUM(E71:E73) -> 0 | F74: =SUM(F71:F73) -> 0 | G74: =SUM(G71:G73) -> 0
A76: TOTAL Monthly Cash Budget Vs Actual Comparison | B76: =B57+B68+B74 -> 0 | C76: =C58+C68+C74 -> 8387000 | D76: =D57+D68+D74 -> 0 | E76: =E58+E68+E74 -> 0 | F76: =F57+F68+F74 -> 0 | G76: =G57+G68+G74 -> -8387000
A78: Prepared By | B78: Acknowledged By | F78: Approved By
A83: Khin Yadanar Htun,Daw | B83: Zin Zin Mar | E83: Win Theingi Nwe,Daw
A84: Finance | B84: Accountant | F84: GM
A91: 62010027 Admin - Miscellaneous Expenses | C91: =E31 -> 0
A92: BUDDHA
A93: DOG FEED | B93: 0
A94: BUDDHA | B94: 0
A95: YCDC | B95: 0
B96: 0
B97: 0
C98: =SUM(C92:C97) -> 0

Sheet BUDGET USE
A1: ='Budget Vs Actual Format'!A8 -> 61001032 Admin - Commission and Incentive
F6: TL | H6: =SUM(H2:H5) -> 0
A7: 62010001 Admin - Advertising Expenses
F16: TL | G16: =SUM(G8:G15) -> 0 | H16: =SUM(H8:H15) -> 0
A17: 62010005 Admin - Car Fuel Expenses
F28: TL | H28: =SUM(H18:H27) -> 0
A29: ='Budget Vs Actual Format'!A16 -> 62010009 Admin - Computer & Copier Repair Charges
F34: TL
A37: 62010007 Admin - Car Repair & Maintenance Charges
F42: TL | H42: =SUM(H38:H41) -> 0
A43: 62010016 Admin - Employee Overtime Charges
H48: =SUM(H44:H47) -> 0
A49: ='Budget Vs Actual Format'!A55 -> 62010040 Admin- Taxes, fees and charges
F52: TL | H52: =SUM(H50) -> 0
A54: 62010017 Admin - Employee Wages Expenses
H57: =SUM(H55:H56) -> 0
A58: 62010021 Admin - Employee Travelling Expenses - Local Trip
F74: TL | G74: =SUM(G59:G73) -> 0 | H74: =SUM(H59:H73) -> 0
A76: 62010024 Admin - Employee Welfare Expenses
H79: =SUM(H77:H78) -> 0
A80: ='Budget Vs Actual Format'!A23 -> 62010006 Admin - Car Licence Charges
F83: TL | H83: =SUM(H81:H82) -> 0
A84: 62010040 Admin- Taxes, fees and charges
F90: TL | H90: =SUM(H85:H89) -> 0
A91: 62010050 Admin - Generator & Other Machine repair and Maintain
H98: =SUM(H92:H97) -> 0
A101: 62010003 Admin - Bank Charges
F105: TL | H105: =SUM(H101:H104) -> 0
A109: 62010054 Admin - Employee SSB Expenses
F111: TL | H111: =SUM(H109:H110) -> 0
A113: 62010056 Admin - Operation Expenses
G141: =SUM(G114:G140) -> 0 | H141: =SUM(H114:H140) -> 0
A145: 62010057 Admin - Machine Rental Chgs (Generator Disel)
F148: TL | H148: =SUM(H146:H147) -> 0
A149: 62010059 Admin - Machine Repair & Maintenance(U-BOLT,LINEAR,ACCESSORIES IN MAINTENANCE,POLISH)
F170: TL | H170: =SUM(H149:H169) -> 0
A174: Cycle & 3Wheeler Fuel Chgs (Test Run)
F180: TL | H180: =SUM(H174:H179) -> 0
A181: 62010029 Admin - Office Repair & Maintenance Charges
G186: =SUM(G182:G185) -> 0 | H186: =SUM(H182:H185) -> 0
A187: 62010014 Admin - Electricity Expenses
H190: =SUM(H188:H189) -> 0
A196: 62010027 Admin - Miscellaneous Expenses
H205: =SUM(H197:H204) -> 0
A207: ='Budget Vs Actual Format'!A56 -> 0
H214: =SUM(H208:H213) -> 0
A216: ='Budget Vs Actual Format'!A55 -> 62010040 Admin- Taxes, fees and charges
H221: =SUM(H217:H220) -> 0
A223: ='Budget Vs Actual Format'!A16 -> 62010009 Admin - Computer & Copier Repair Charges
H229: =SUM(H224:H228) -> 0
A230: COGS
A231: 51020046COGS - Spare Parts
F240: TL | H240: =SUM(H231:H239) -> 0
A242: Transporation Expenses
F262: TL | G262: =SUM(G243:G260) -> 0 | H262: =SUM(H242:H258) -> 0
A266: Painting,Roof Sheet,Polish,Sofa Sheet,leaf Spring Repair Chgs
G314: =SUM(G267:G310) -> 0 | H314: =SUM(H267:H303) -> 0
A315: ='Budget Vs Actual Format'!A67 -> Urgent Budget for Service and Maintenance for Stock Clearance
H318: =SUM(H316:H317) -> 0
G350: =SUM(G267:G349) -> 0 | H350: =SUM(H267:H341) -> 0
E354: OPEX TOTAL | H354: =H16+H28+H48+H74-G74+H79+H111+H141+H180+H190+H205-G141+H6 -> 0
E355: COGS TOTAL | H355: =H240+H262+H314-G262-G314 -> 0
E356: ALL TOTAL | H356: =H354+H355 -> 0
E357: MONTHLY BUG | H357: ='Budget Vs Actual Format'!C76 -> 8387000
E358: PERCENT | H358: =H356/H357 -> 0

Sheet INCOME DETAILS
A1: Voucher No | B1: Date | C1: Purpose | D1: Comer | E1: Details | F1: In (MMK)
F54: =SUM(F2:F53) -> 0
